[Event "Team 45 45 League T70"]
[Site "Internet Chess Club"]
[Date "2016.10.11"]
[Round "5"]
[White "LittleButton"]
[Black "fledermaus"]
[Result "1/2-1/2"]
[WhiteElo "1820"]
[BlackElo "1857"]
[Opening "Queen's pawn game, Darooha variation "]
[ECO "D02"]
[Time "15:00:58"]
[TimeControl "2700+45"]

1. d4 d5 2. Nf3 Nf6 3. c4 e6 4. cxd5 exd5 5. Nc3 c6 6. Qc2 g6 7. Bg5 Be7 8. e3
Bf5 9. Bd3 Bxd3 10. Qxd3 Nbd7 11. O-O O-O 12. Rab1 a5 13. a3 Ne4 14. Bxe7 Qxe7
15. Rfc1 Nb6 16. Qc2 Rfe8 17. Nd2 Nxd2 18. Qxd2 Nc4 19. Qc2 f5 20. Ne2 a4 21.
Nc3 b5 22. Ne2 Ra7 {Game drawn by mutual agreement} 1/2-1/2

[Event "Team 45 45 League T70"]
[Site "Internet Chess Club"]
[Date "2016.10.08"]
[Round "5"]
[White "LookImYourVader"]
[Black "Harmonicus"]
[Result "1/2-1/2"]
[WhiteElo "1788"]
[BlackElo "1950"]
[Opening "Scotch gambit: Dubois-Réti defense"]
[ECO "C55"]
[Time "16:10:57"]
[TimeControl "2700+45"]

1. e4 e5 2. Nf3 Nc6 3. d4 exd4 4. Bc4 Nf6 5. e5 d5 6. Bb5 Ne4 7. Nxd4 Bd7 8.
Bxc6 bxc6 9. O-O Bc5 10. f3 Ng5 11. f4 Ne4 12. Be3 Bb6 13. Nd2 Nxd2 14. Qxd2 c5
15. Nf3 d4 16. Bf2 Bc6 17. Bh4 Qd7 18. c4 O-O 19. h3 Rae8 20. b3 f6 21. a4 a6
22. exf6 gxf6 23. Rae1 Rxe1 24. Nxe1 Be4 25. a5 Ba7 26. Nd3 Kg7 27. Nf2 f5 28.
Nd3 Bxd3 29. Qxd3 Re8 30. Qg3+ Kf8 31. Qg5 c6 32. Qf6+ Kg8 33. Rf3 Re3 34. Rxe3
dxe3 35. Qd8+ Qxd8 36. Bxd8 Bb8 37. g3 Kf7 38. Kg2 Ke8 39. Bb6 Bd6 40. Kf3 h5
41. Kxe3 Kd7 42. Kf3 Ke6 43. g4 hxg4+ 44. hxg4 fxg4+ 45. Kxg4 Kf6 46. Bd8+ Kg6
47. f5+ Kf7 48. Kg5 Be5 49. f6 Bc3 50. Kf5 Bd4 51. Be7 Bc3 52. Bxc5 Bxa5 53. Ke5
Bc7+ 54. Bd6 Bd8 55. Kd4 Bb6+ 56. Ke5 Bd8 57. Kd4 Bb6+ 58. Bc5 Bc7 59. Be7 Bb6+
60. Ke4 Ke6 61. Kf4 Bd4 62. Kg5 Kf7 63. Kf5 Bb2 64. Ke4 Ke6 65. Kd3 Be5 66. Ke4
Bb2 67. Bd8 Bc3 68. Kd3 Be5 69. Ke4 {Game drawn by mutual agreement} 1/2-1/2

[Event "Team 45 45 League T70"]
[Site "Internet Chess Club"]
[Date "2016.10.10"]
[Round "5"]
[White "timothysmall56"]
[Black "OzymandiasVII"]
[Result "0-1"]
[WhiteElo "1698"]
[BlackElo "1761"]
[Opening "French: Rubinstein variation"]
[ECO "C10"]
[Time "18:21:53"]
[TimeControl "2700+45"]

1. e4 e6 2. d4 d5 3. Nc3 dxe4 4. Nxe4 Nf6 5. Bd3 Be7 6. Nf3 Nbd7 7. O-O O-O 8.
c3 b6 9. Bg5 Bb7 10. Re1 h6 11. Nxf6+ Bxf6 12. Bf4 c5 13. dxc5 Nxc5 14. Bc2 Qc8
15. Qe2 Ba6 16. Qe3 Rd8 17. Rad1 Qc6 18. b4 Rxd1 19. Rxd1 Nb7 20. a4 Bc4 21. b5
Qc5 22. Be4 Bd5 23. Rxd5 exd5 24. Qxc5 Nxc5 25. Bxd5 Rd8 {White resigns} 0-1

[Event "Team 45 45 League T70"]
[Site "Internet Chess Club"]
[Date "2016.10.06"]
[Round "5"]
[White "Innes"]
[Black "GrandUnified"]
[Result "1-0"]
[WhiteElo "1589"]
[BlackElo "1508"]
[Opening "Center game"]
[ECO "C21"]
[Time "18:30:54"]
[TimeControl "2700+45"]

1. e4 e5 2. d4 exd4 3. Bc4 Bc5 4. Nf3 Nc6 5. O-O Nge7 6. Ng5 O-O 7. Qh5 h6 8.
Nxf7 Rxf7 9. Bxf7+ Kh7 10. Qxc5 d6 11. Qh5 Ne5 12. Bb3 Bg4 13. Qh4 Qf8 14. f4
Be2 15. Rf2 N7g6 16. Qg3 Bb5 17. fxe5 Qe7 18. e6 h5 19. Qg5 Qe8 20. Qxh5+ Kg8
21. e7+ {Black resigns} 1-0

[Event "Team 45 45 League T70"]
[Site "Internet Chess Club"]
[Date "2016.10.07"]
[Round "5"]
[White "Yedixon"]
[Black "XNPchess"]
[Result "0-1"]
[WhiteElo "1705"]
[BlackElo "2010"]
[Opening "King's pawn opening"]
[ECO "B07"]
[Time "12:03:25"]
[TimeControl "2700+45"]

1. e4 d6 2. Bc4 Nf6 3. d3 e5 4. f4 Be7 5. Nf3 Nbd7 6. O-O c6 7. a4 O-O 8. Nc3 b6
9. Qe1 Bb7 10. fxe5 dxe5 11. Qg3 Kh8 12. Nxe5 Nh5 13. Qh3 Nxe5 14. Qxh5 Nxc4 15.
dxc4 Qd4+ 16. Kh1 Qxc4 17. Qe5 Qxf1# {White checkmated} 0-1

[Event "Team 45 45 League T70"]
[Site "Internet Chess Club"]
[Date "2016.10.09"]
[Round "5"]
[White "backrankbrawler"]
[Black "ausya"]
[Result "1-0"]
[WhiteElo "1759"]
[BlackElo "1661"]
[Opening "QGD: Tarrasch, Prague variation, 9.Bg5"]
[ECO "D34"]
[Time "20:00:58"]
[TimeControl "2700+45"]

1. d4 d5 2. c4 e6 3. Nc3 c5 4. cxd5 exd5 5. Nf3 Nc6 6. g3 Nf6 7. Bg2 Be7 8. O-O
O-O 9. Bg5 cxd4 10. Nxd4 h6 11. Be3 Be6 12. Qb3 Na5 13. Qb5 a6 14. Qd3 Nc4 15.
Bc1 Rc8 16. b3 Ne5 17. Qd2 Nc6 18. Bb2 Bc5 19. Na4 Ba7 20. Rac1 Re8 21. Nc5 Nxd4
22. Bxd4 Bxc5 23. Rxc5 Rxc5 24. Bxc5 Qd7 25. Rd1 Bg4 26. Be3 Rd8 27. Kf1 Bh3 28.
f3 Be6 29. Bd4 Nh7 30. Rc1 Rc8 31. Rxc8+ Qxc8 32. Qc3 Qxc3 33. Bxc3 f6 34. f4
Kf7 35. Kf2 Ke7 36. Ke3 Kd6 37. Kd4 f5 38. Bb4+ Kd7 39. Bxd5 b6 40. Bf3 g6 41.
Ke5 Bf7 42. e4 fxe4 43. Bxe4 a5 44. Ba3 Kc7 45. h4 b5 46. Bc5 a4 47. bxa4 bxa4
48. a3 h5 49. f5 gxf5 50. Bxf5 Bg8 51. Bc2 Kc6 52. Bb4 Kb5 53. Bd3+ Kc6 54. Bg6
Kd7 55. Bxh5 Bb3 56. Bg6 Bg8 57. Bc2 Kd8 58. Bxa4 Kc7 59. Bc2 Kb6 60. g4 Kb5 61.
g5 Nxg5 62. hxg5 Bc4 63. Kd6 Bg8 64. g6 Kc4 65. g7 Kb5 66. Ke7 Bd5 67. Bh7 Ka4
68. Kf8 {Black resigns} 1-0

[Event "Team 45 45 League T70"]
[Site "Internet Chess Club"]
[Date "2016.10.09"]
[Round "5"]
[White "Elton2013"]
[Black "cayo89"]
[Result "1-0"]
[WhiteElo "1799"]
[BlackElo "1729"]
[Opening "Budapest: Rubinstein variation"]
[ECO "A52"]
[Time "11:00:17"]
[TimeControl "2700+45"]

1. d4 Nf6 2. c4 e5 3. dxe5 Ng4 4. Bf4 Nc6 5. Nf3 Bb4+ 6. Nbd2 Qe7 7. e3 Ngxe5 8.
Be2 d6 9. O-O Bxd2 10. Qxd2 O-O 11. Nd4 Bd7 12. Nb5 Bf5 13. Nc3 Rac8 14. a3 Qe6
15. Nd5 Ne7 16. Rfd1 c6 17. Nxe7+ Qxe7 18. Qxd6 Qxd6 19. Rxd6 Ng6 20. Bg3 Rfe8
21. c5 Ne7 22. Bc4 b6 23. b4 bxc5 24. bxc5 Rb8 25. Bh4 Ng6 26. Bg3 Ne7 27. f3
Rb2 28. e4 Bg6 29. Rc1 Rb7 30. Bh4 Bxe4 31. fxe4 Ng6 32. Bg3 Rbe7 33. Rxc6 Rxe4
34. Rc7 {Black resigns} 1-0